 Dungeon Crawl Stone Soup version 0.31-a0-960-g0fca184906 (webtiles) character file.

Game seed: 9784841116930696807

4919 gelatine the Chopper (level 10, -4/74 (76) HPs)
             Began as a Demonspawn Gladiator on Oct 23, 2023.
             Slain by an orc warrior
             ... wielding a +2 scimitar of draining
              (6 damage)
             ... on level 9 of the Dungeon.
             The game lasted 00:22:40 (7141 turns).

gelatine the Chopper (Demonspawn Gladiator)         Turns: 7141, Time: 00:22:41

HP:   -4/74 (76)    AC:  6    Str: 19    XL:     10   Next: 27%
MP:   25/25         EV: 12    Int: 10    God:
Gold: 180           SH:  0    Dex: 16    Spells: 15/17 levels left

rFire   . . .        y - +2 hand axe (heavy)
rCold   . . .        F - +0 kite shield
rNeg    . . .        h - +2 robe
rPois   .            c - +0 helmet
rElec   .            (no cloak)
rCorr   .            t - +0 pair of gloves
SInv    .            (no boots)
Will    .....        (no amulet)
Stlth   ++           E - ring of magical power
HPRegen 0.32/turn    (no ring)
MPRegen 0.19/turn

%: no passive effects
@: confused, mighty, about to teleport, wereblooded, lightly drained
A: hooves 2, thin skeletal structure 1, powered by pain 1, spiny 2
a: no special abilities


You were on level 9 of the Dungeon.
You visited 2 branches of the dungeon, and saw 10 of its levels.
You also visited: Ossuary.

You collected 342 gold pieces.
You spent 162 gold pieces at shops.

Inventory:

Hand Weapons
 a - a +0 war axe
 b - a +4 heavy falchion
 e - a +1 flail of protection
 x - a +0 whip of flaming
 y - a +2 heavy hand axe (weapon)
 A - a +3 mace
 B - a +1 falchion
Missiles
 d - 2 throwing nets
 C - 11 poisoned darts
 D - a javelin
Armour
 c - a +0 helmet (worn)
 h - a +2 robe (worn)
 q - the +0 plate armour "Riveixea" {Rampage rF+ Will-}
   (You found it on level 6 of the Dungeon)

   rF+:       It protects you from fire.
   Will-:     It decreases your willpower.
   Rampage:   It bestows one free step when moving towards enemies.
 t - a +0 pair of gloves (worn)
 F - a +0 kite shield (worn)
Magical Staves
 g - a staff of cold
Jewellery
 E - a ring of magical power (left hand)
Wands
 w - a wand of flame (8) (quivered)
 G - a wand of polymorph (1)
 H - a wand of iceblast (8)
 I - a wand of mindburst (9)
Scrolls
 f - 4 scrolls of fog
 i - 2 scrolls of teleportation
 j - 2 scrolls of noise
 k - a scroll of revelation
 n - 3 scrolls of enchant armour
 s - 2 scrolls of blinking
 v - 2 scrolls of fear {unknown}
Potions
 l - 3 potions of resistance
 m - 11 potions of curing
 o - 2 potions of cancellation
 p - 2 potions of attraction
 r - a potion of brilliance
 u - 2 potions of heal wounds
 z - a potion of lignification


   Skills:
 * Level 6.3 Fighting
 + Level 7.3 Axes
 + Level 3.0 Throwing
 + Level 3.6 Armour
 + Level 4.7 Dodging
 + Level 3.5 Stealth
 * Level 0.7 Shields
 * Level 4.3 Spellcasting
 * Level 4.3 Transmutations
 + Level 5.3 Evocations


You had 15 spell levels left.
You knew the following spells:

 Your Spells              Type           Power      Damage    Failure   Level
a - Wereblood             Tmut           10%        N/A       17%         2

Your spell library contained the following spells:

 Spells                   Type           Power      Damage    Failure   Level
 Call Canine Familiar     Summ           2%         N/A       90%         3
 Dazzling Flash           Conj/Hex       4%         N/A       90%         3
 Ozocubu's Armour         Ice            2%         N/A       90%         3
 Sigil of Binding         Hex            2%         N/A       90%         3
 Dimensional Bullseye     Hex/Tloc       1%         N/A       100%        4
 Leda's Liquefaction      Hex/Erth       1%         N/A       100%        4
 Agony                    Necr           2%         N/A       100%        5
 Irradiate                Conj/Tmut      3%         3d12      100%        5
 Metabolic Englaciation   Hex/Ice        1%         N/A       100%        5
 Silence                  Hex/Air        1%         N/A       100%        5
 Simulacrum               Ice/Necr       1%         N/A       100%        6


Dungeon Overview and Level Annotations

Branches:
Dungeon (9/15)             Temple (1/1) D:7            Lair (0/5) D:8
Ossuary (visited)
    Orc: D:9-12

Altars:
Ashenzari
Cheibriados
Dithmenos
Fedhas
Gozag
Hepliaklqana
Kikubaaqudgha
Makhleb
Nemelex Xobeh
Okawaru
Qazlal
Ru
Sif Muna
Trog
Uskayaw
Vehumet
Wu Jian
Xom
Yredelemnul

Shops:
D:1 (   D:7 *

Annotations:
D:5 3 runed translucent doors, Fodor's ghost, novice MiFi; subawu's ghost, novice GnSh


Innate Abilities, Weirdness & Mutations

You have hoof-like feet.
You have a somewhat thin skeletal structure. (Dex +2, Stealth+)
You sometimes gain a little power by taking damage.
You are mostly covered in sharp spines.


Message History

An orc wizard comes into view. It is wielding a +0 dagger of venom.
You closely miss the orc warrior. You kick the orc warrior.
The orc warrior is moderately wounded.
You hit the two-headed ogre.
The orc wizard mumbles some strange words.
The orc wizard flickers and vanishes!
Deactivating autopickup; reactivate with Ctrl-A.
You block the orc warrior's attack. The two-headed ogre barely misses you.
You block the two-headed ogre's attack.
You slash the two-headed ogre!
The two-headed ogre is moderately wounded.
You hit the orc warrior but do no damage.
The orc warrior hits you with a +2 scimitar of draining.
You feel drained. You block the two-headed ogre's attack.
The two-headed ogre hits you with a +0 giant spiked club!!
The bullfrog barely misses you. You block the orc warrior's attack.
You hit the two-headed ogre but do no damage.
You kick the two-headed ogre.
The two-headed ogre is moderately wounded.
You hit something. You closely miss the bullfrog.
You closely miss the orc warrior.
You howl as the wereblood boils in your veins!
The howler monkey hoots and howls with incredible vigour!
The bullfrog hits you. Something hits you. You block the orc warrior's attack.
The two-headed ogre is struck by your spines.
The two-headed ogre hits you with a +0 giant spiked club!!
* * * LOW HITPOINT WARNING * * *
You focus on the pain.
You feel very mighty all of a sudden.
The two-headed ogre hits you with a +0 giant spiked club!
* * * LOW HITPOINT WARNING * * *
You block the bullfrog's attack.
You hear a shout! x3
As you read the scroll of teleportation, it crumbles to dust.
You feel strangely unstable. The bullfrog hits you.
* * * LOW HITPOINT WARNING * * *
You hear some strange, mumbled words.
You are confused.
The orc warrior hits you with a +2 scimitar of draining.
You die...

#. #.# #.# #.# ###..
#. ...# # #. #F###.#
#.# #.@o..#.. #.#
#.O{h..... ..###.##
#.#.###.## . .....#
#.#.#
#..###^.#####.#.###.
#...................#
##.###..#####.#....>.
#......# #.#.#####
######.# #.# #


You could see a two-headed ogre, an orc warrior, a bullfrog and a howler monkey.

Vanquished Creatures
  Pikel (D:6)
  5 yaks (D:6)
  A sky beast (D:7)
  An ice beast (D:7)
  An ogre (D:6)
  3 centaurs
  A phantom (D:6)
  3 lemures (D:6)
  Blork the orc (D:6)
  7 bullfrogs
  A gnoll sergeant (D:7)
  9 water moccasin zombies (Ossuary)
  4 scorpions
  10 wights (D:6)
  10 killer bees (D:7)
  3 howler monkeys
  An orc priest (D:6)
  A hound (D:5)
  4 jellies
  Terence (D:3)
  A gnoll bouda (D:7)
  4 iguanas
  5 orc wizards
  2 mummies (Ossuary)
  10 gnolls
  7 adders
  A shadow imp (D:5)
  2 ufetubi (D:5)
  6 adder zombies (Ossuary)
  2 worms
  4 dart slugs
  17 orcs
  9 ball pythons
  6 endoplasms
  5 giant cockroaches
  2 gnoll zombies (Ossuary)
  7 hobgoblins
  2 jackals (D:1)
  2 quokkas (D:1)
  8 bats
  4 frilled lizards
  8 goblins
  4 hobgoblin zombies (Ossuary)
  8 kobolds
  5 kobold zombies (Ossuary)
  5 orc zombies (Ossuary)
  7 rats
211 creatures vanquished.

Notes
Turn   | Place    | Note
-------+----------+-------------------------------------------
     0 | D:1      | gelatine the Demonspawn Gladiator began the quest for the
                  | Orb.
     0 | D:1      | Reached XP level 1. HP: 16/16 MP: 1/1
   126 | D:1      | Gained mutation: You are partially covered in sharp spines.
                  | [demonic ancestry]
   126 | D:1      | Reached XP level 2. HP: 16/22 MP: 2/2
   266 | D:1      | Reached skill level 3 in Axes
   468 | D:1      | Found Xobeock's Antique Weapon Shop.
   605 | D:1      | Gained mutation: You have a somewhat thin skeletal
                  | structure. (Dex +2, Stealth+) [demonic ancestry]
   605 | D:1      | Reached XP level 3. HP: 23/27 MP: 3/3
  1671 | D:2      | Gained mutation: You sometimes gain a little power by
                  | taking damage. [demonic ancestry]
  1671 | D:2      | Reached XP level 4. HP: 34/34 MP: 4/4
  1721 | D:3      | Noticed Terence
  1735 | D:3      | Killed Terence
  1736 | D:3      | Reached skill level 1 in Armour
  1959 | D:3      | Reached skill level 1 in Stealth
  1988 | D:3      | Gained mutation: You have large cloven feet. [demonic
                  | ancestry]
  1988 | D:3      | Reached XP level 5. HP: 20/39 MP: 5/5
  2329 | D:4      | Reached skill level 4 in Axes
  2329 | D:4      | Reached skill level 1 in Evocations
  2342 | D:4      | Learned a level 2 spell: Wereblood
  2622 | D:4      | Reached XP level 6. HP: 46/46 MP: 6/6
  2835 | D:4      | Reached skill level 1 in Spellcasting
  2976 | D:4      | Reached skill level 1 in Transmutations
  3348 | D:5      | Entered Level 5 of the Dungeon
  3359 | D:5      | Gained mutation: You are mostly covered in sharp spines.
                  | [demonic ancestry]
  3359 | D:5      | Reached XP level 7. HP: 45/52 MP: 9/9
  3382 | D:5      | Found a sand-covered staircase.
  3391 | Ossuary  | Entered an ossuary
  3474 | Ossuary  | Reached skill level 5 in Axes
  3496 | Ossuary  | Gained mutation: You have hoof-like feet. [demonic
                  | ancestry]
  3496 | Ossuary  | Reached XP level 8. HP: 53/60 MP: 4/11
  3765 | D:5      | Found a hazy altar of Hepliaklqana.
  4073 | D:5      | Found a runed translucent gate.
  4074 | D:5      | Found a runed translucent gate.
  4074 | D:5      | Noticed Fodor's ghost (novice MiFi)
  4075 | D:5      | Found a runed translucent gate.
  4076 | D:5      | Noticed subawu's ghost (novice GnSh)
  4235 | D:6      | Noticed Pikel
  4246 | D:6      | Killed Pikel
  4247 | D:6      | Reached skill level 5 in Fighting
  4247 | D:6      | Reached skill level 6 in Axes
  4366 | D:1      | Bought a glowing hand axe for 162 gold pieces
  4577 | D:6      | Reached XP level 9. HP: 56/68 MP: 12/14
  4913 | D:6      | Identified the +0 plate armour "Riveixea" {Rampage rF+
                  | Will-}
  5142 | D:6      | Noticed Blork the orc
  5151 | D:6      | Killed Blork the orc
  5362 | D:6      | Reached skill level 5 in Evocations
  5662 | D:7      | Reached skill level 7 in Axes
  5662 | D:7      | Reached XP level 10. HP: 76/76 MP: 16/16
  5890 | D:7      | Found Deolaihieps's Lightly-Used Armoury.
  5970 | D:7      | Found a staircase to the Ecumenical Temple.
  6028 | Temple   | Entered the Ecumenical Temple
  6869 | D:8      | Found a staircase to the Lair.
  7133 | D:9      | Noticed a two-headed ogre
  7140 | D:9      | HP: 3/74 [two-headed ogre/+0 giant spiked club (13)]
  7141 | D:9      | Slain by an orc warrior

Illustrated notes

Levels and vault maps discovered:
D:1:      minmay_arrival_checkered_box, layout_loops_cross, serial_shops, shop,
          minmay_statues_item
D:2:      layout_loops_corners, minmay_tiny_reverse_x
D:3:      layout_basic, minmay_surrounded, uniq_terence
D:4:      layout_basic, minmay_ruptured
D:5:      layout_basic, nicolae_hepliaklqana_hazy_memory,
          gammafunk_ghost_cemetery, nicolae_ossuary_entry_monument
D:6:      layout_layer_cave, uniq_pikel, uniq_blork_the_orc
D:7:      layout_loops_ring, minmay_temple_entry_antechambers,
          minmay_shop_damaged
D:8:      layout_gridville, lair_entry_dummy, minmay_misc_feat_enclosed
D:9:      layout_loops_ring
Temple:   mainiacjoe_temple_hex_bubbles

Skill      XL: |  1  2  3  4  5  6  7  8  9 10 |
---------------+-------------------------------+-----
Dodging        | 3 4 |  4.7
Axes           | 3 4 5 6 7 |  7.3
Throwing       | 2 3 |  3.0
Armour         | 1 2 3 |  3.6
Stealth        | 1 2 3 |  3.5
Evocations     | 1 2 4 5 |  5.3
Fighting       | 3 4 5 6 |  6.3
Spellcasting   | 1 2 3 4 |  4.3
Transmutations | 1 3 4 |  4.3
Shields        | |  0.7

Action                     |  1- 3 |  4- 6 |  7- 9 | 10-12 || total
---------------------------+-------+-------+-------+-------++-------
  Melee: War axe           |    83 |   100 |    97 |       ||   280
         Kick              |       |    19 |    43 |    15 ||    77
         Punch             |       |     2 |     1 |       ||     3
         Hand axe          |       |       |    39 |    58 ||    97
  Throw: Throwing net      |     3 |     4 |       |       ||     7
         Stone             |    14 |    23 |       |       ||    37
         Javelin           |       |     1 |     1 |       ||     2
         Dart              |       |       |     9 |       ||     9
   Cast: Wereblood         |       |       |    10 |     2 ||    12
  Evoke: Wand              |       |       |    13 |     9 ||    22
    Use: Scroll            |       |     9 |     4 |     3 ||    16
         Potion            |       |       |     2 |       ||     2
   Stab: Sleeping          |     2 |     6 |     6 |     6 ||    20
         Held in net/web   |       |     2 |       |       ||     2
         Distracted        |       |       |       |     1 ||     1
 Armour: Leather armour    |    49 |    55 |   100 |       ||   204
         Robe              |       |       |     1 |    34 ||    35
  Dodge: Dodged            |    67 |    75 |   110 |    35 ||   287
  Block: Kite shield       |       |       |       |    13 ||    13

Table legend: (Time is in decaauts)
 A = Elapsed time spent in this place.
 B = Non-inter-level travel time spent in this place.
 C = Inter-level travel time spent in this place.
 D = Time resting spent in this place.
 E = Time spent auto-exploring this place.
 F = Levels seen in this place.
 G = Mean time per level.
                   A        B        C        D        E       F      G
               +--------+--------+--------+--------+--------+-----+--------+
         Total |   7270 |   6613 |    657 |      0 |   4938 |  11 |  660.9 |
       Dungeon |   6996 |   6426 |    570 |      0 |   4938 |   9 |  777.3 |
        Temple |     89 |      2 |     87 |      0 |      0 |   1 |   89.0 |
       Ossuary |    184 |    184 |      0 |      0 |      0 |   1 |  184.0 |
               +--------+--------+--------+--------+--------+-----+--------+

Top non-repeatable levels by time:
     D:6: 1199 daAuts
     D:4: 1115 daAuts
     D:2: 943 daAuts
     D:1: 934 daAuts
     D:7: 887 daAuts
     D:5: 757 daAuts
     D:3: 612 daAuts
     D:8: 515 daAuts
 Ossuary: 184 daAuts
  Temple: 89 daAuts
     D:9: 29 daAuts
